 Dungeon Crawl Stone Soup version 0.30.1-9-gdf580d7c3d (webtiles) character file.

Game seed: 4513122320129945930

56577 Gabide the Frost Mage (level 14, 0/124 HPs)
             Began as a Demigod Ice Elementalist on Oct 17, 2023.
             Succumbed to their own poison gas
             ... on level 5 of the Lair of Beasts on Oct 18, 2023.
             The game lasted 01:41:24 (25813 turns).

Gabide the Frost Mage (Demigod Ice Elementalist)   Turns: 25813, Time: 01:41:25

Health: 0/124      AC: 10    Str:  9    XL:     14   Next: 9%
Magic:  1/33       EV: 17    Int: 41    God:
Gold:   1219       SH:  5    Dex: 14    Spells: 19/35 levels left

rFire   + . .        b - +2 rapier (speed)
rCold   . . .        N - +2 buckler
rNeg    . . .        K - +2 robe {Archmagi}
rPois   .            f - +2 helmet
rElec   .            t - +2 cloak {Will+}
rCorr   .            (no gloves)
SInv    .            (no boots)
Will    ++...        J - amulet of the acrobat
Stlth   ++           W - ring of Hyffim {rF+ Int+2}
HPRegen 0.40/turn    M - +6 ring of intelligence
MPRegen 0.23/turn

%: acrobat, archmagi
@: lethally poisoned (0 -> -44), on berserk cooldown, slowed, very slow
A: high MP 1, forlorn, divine attributes
a: no special abilities


You were on level 5 of the Lair of Beasts.
You visited 3 branches of the dungeon, and saw 17 of its levels.
You visited the Abyss 1 time.
You also visited: Volcano.

You collected 1285 gold pieces.
You spent 66 gold pieces at shops.

Inventory:

Hand Weapons
 b - a +2 rapier of speed (weapon)
 c - a +4 sling
Missiles
 n - 6 atropa-tipped darts
 r - 2 throwing nets
 w - 2 curare-tipped darts
Armour
 f - a +2 helmet (worn)
 q - the +2 robe of the Fiddle {Int+4}
   (You found it on level 3 of the Dungeon)

   Int:       It affects your intelligence (+4).
 t - a +2 cloak of willpower (worn)
 B - +0 steam dragon scales
 G - a scarf of repulsion
 K - a +2 robe of the Archmagi (worn)
 N - a +2 buckler (worn)
 O - a +2 cloak of stealth
Magical Staves
 a - the staff of cold "Amih" {rElec rC+ Will+ Str+3 Dex+2}
   (You acquired it on level 3 of the Dungeon)

   [staff of cold]

   Base accuracy: +5 Base damage: 5 Base attack delay: 1.2 This weapon's minimum
   attack delay (0.6) is reached at skill level 12.
   Str:       It affects your strength (+3).
   Dex:       It affects your dexterity (+2).
   rC:        It protects you from cold.
   rElec:     It insulates you from electricity.
   Will:      It increases your willpower.
   It falls into the 'Staves' category.
   It is a one-handed weapon.
Jewellery
 o - a +6 ring of dexterity
 x - a ring of flight
 F - a ring of protection from cold
 H - a ring of ice
 J - an amulet of the acrobat (around neck)
 M - a +6 ring of intelligence (right hand)
 T - an amulet of guardian spirit
 W - the ring of Hyffim (left hand) {rF+ Int+2}
   (You found it on level 5 of the Lair of Beasts)

   [ring of protection from fire]

   Int:       It affects your intelligence (+2).
   rF:        It protects you from fire.
Wands
 C - a wand of quicksilver (8)
 D - a wand of flame (14)
 E - a wand of paralysis (5)
Scrolls
 i - 4 scrolls of teleportation
 p - a scroll of blinking
 s - a scroll of amnesia
 A - a scroll of vulnerability
 I - a scroll of immolation
 R - a scroll of enchant armour
 S - 3 scrolls of identify
Potions
 d - 2 potions of curing
 e - 9 potions of mutation
 g - a potion of attraction
 h - a potion of heal wounds
 j - a potion of magic
 k - a potion of berserk rage
 l - 2 potions of cancellation
 m - 3 potions of might
 u - 2 potions of flight
 v - 3 potions of lignification
 z - 2 potions of brilliance
 Q - a potion of invisibility
 V - a potion of haste
Miscellaneous
 L - a phantom mirror
 U - a lightning rod (2/4)


   Skills:
 + Level 11.3 Fighting
 + Level 11.3 Dodging
 - Level 3.0 Stealth
 + Level 11.0 Spellcasting
 + Level 13.7 Ice Magic


You had 19 spell levels left.
You knew the following spells:

 Your Spells              Type           Power      Damage    Failure   Level
a - Freeze                Ice            100%       1d10      0%          1
b - Frozen Ramparts       Ice            100%       1d16      1%          3
c - Ozocubu's Armour      Ice            100%       N/A       1%          3
d - Summon Ice Beast      Ice/Summ       87%        N/A       1%          4
e - Ensorcelled Hibernat  Hex/Ice        100%       N/A       1%          2
f - Stone Arrow           Conj/Erth      66%        3d11      7%          3

Your spell library contained the following spells:

 Spells                   Type           Power      Damage    Failure   Level
 Foxfire                  Conj/Fire      100%       2x1d9     2%          1
 Sandblast                Erth           66%        2d15      2%          1
 Passwall                 Tmut/Erth      27%        N/A       3%          2
 Spider Form              Tmut/Pois      33%        N/A       7%          3
 Vhi's Electric Charge    Tloc/Air       66%        N/A       7%          3
 Anguish                  Hex/Necr       16%        N/A       22%         4
 Animate Armour           Summ/Erth      66%        N/A       22%         4
 Summon Lightning Spire   Summ/Air       33%        N/A       22%         4
 Arcjolt                  Conj/Air       16%        1d26      54%         5
 Fireball                 Conj/Fire      16%        3d8       54%         5
 Summon Forest            Summ/Tloc      16%        N/A       54%         5
 Summon Mana Viper        Hex/Summ       33%        N/A       54%         5
 Conjure Ball Lightning   Conj/Air       16%        3x3d6     98%         6
 Plasma Beam              Fire/Air       16%        2x1d30    98%         6
 Starburst                Conj/Fire      16%        6d6       98%         6
 Summon Cactus Giant      Summ           16%        N/A       98%         6
 Monstrous Menagerie      Summ           16%        N/A       100%        7
 Storm Form               Tmut/Air       16%        N/A       100%        7
 Discord                  Hex            16%        N/A       100%        8
 Disjunction              Tloc           16%        N/A       100%        8
 Lehudib's Crystal Spear  Conj/Erth      16%        10d5      100%        8
 Maxwell's Capacitive Co  Air            16%        ∞         100%        8


Dungeon Overview and Level Annotations

Branches:
Dungeon (11/15)            Temple (1/1) D:4            Lair (5/5) D:10
  Swamp (0/4) Lair:2       Spider (0/4) Lair:2        Slime (0/5) Lair:4
Volcano (visited)
    Orc: D:9-12

Shops:
D:10 [   D:11 (

Annotations:
D:1 1 transporter
D:10 3 runed translucent doors, baghtru's ghost, journeyman HOFi


Innate Abilities, Weirdness & Mutations

You have an increased reservoir of magic. (+10% MP)
You shall have no god before yourself.
Your divine heritage dramatically boosts your attributes as you level up.


Message History

Casting: Summon Ice Beast (mildly dangerous; 1% risk of failure)
Press: ? - help, Q - select action, (/) - cycle Dir - look around, f - activate You feel a surge of power!
A chill wind blows around you.
You are engulfed in poison gas.
You are poisoned.
You feel very sick. The basilisk gazes at you.
You resist with almost no effort.
Okay, then.
Okay, then.
Press: ? - help, v - describe, . - travel
Here: a spriggan, wielding a +2 rapier of distortion and wearing the ring of Springtime {rPois rN+ Str+4 Int-2} (poison gas)
The floor.
Unknown command.
Press: ? - help, v - describe, . - travel
Here: a spriggan, wielding a +2 rapier of distortion and wearing the ring of Springtime {rPois rN+ Str+4 Int-2} (poison gas)
The floor.
Unknown command.
Unknown command.
Aiming: Thunderbolt
Press: ? - help, Shift-Dir - straight line, f - spriggan
Aim: a spriggan, wielding a +2 rapier of distortion and wearing the ring of Springtime {rPois rN+ Str+4 Int-2} (poison gas)
The thunderbolt hits the spriggan!
The spriggan is severely wounded.
You are engulfed in poison gas.
You are more poisoned.
* * * LOW HITPOINT WARNING * * *
x2 You feel extremely sick.
You hear a roar!
The spriggan misses you. The basilisk bites your ice beast.
Your ice beast hits the basilisk.
Your ice beast freezes the basilisk!
The spriggan completely misses you.
Aiming: Thunderbolt
Press: ? - help, Shift-Dir - straight line, f/p - spriggan
Aim: a spriggan, wielding a +2 rapier of distortion and wearing the ring of Springtime {rPois rN+ Str+4 Int-2} (poison gas, severely wounded)
The thunderbolt hits the spriggan!!!
You kill the spriggan!
You are engulfed in poison gas.
You are lethally poisoned!
* * * LOW HITPOINT WARNING * * *
You die...

#### #
###### ♣♣♣
.....♣ ♣.♣
..♣P♣♣ ♣♣♣
♣.♣♣ .♣♣♣♣
♣..♣ ♣l§♣
.♣
....♣♣♣§Y♣
.♣
♣..♣§§☼♣♣
♣♣
♣....§@§♣
♣
♣♣..♣§§§♣
♣
♣♣.♣♣♣.♣♣
♣
♣.§♣♣♣§♣♣
♣♣.i♣♣.§♣
♣♣..♣♣♣♣§♣
♣..♣♣ ♣♣§♣
♣♣.♣♣♣♣.§♣
♣..♣♣...♣


You could see a basilisk shaped shifter (ally target) and a friendly ice beast
(summoned).

Vanquished Creatures
  2 tentacled starspawn (Abyss:1)
  The ghost of VictorL the Slicer, a journeyman AtBe of Trog (Lair:3)
  2 great orbs of eyes
  2 hydras (Lair:5)
  A death yak (Lair:2)
  A hell hog (Abyss:1)
  5 large abominations (Abyss:1)
  The ghost of kalagan the Thaumaturge, a journeyman DECj of Sif Muna (Lair:1)
  Pikel (D:7)
  5 elephants
  A moth of wrath (Lair:1)
  5 cane toads
  A torpor snail (Lair:2)
  2 black mambas
  An orange demon (Abyss:1)
  An alligator snapping turtle zombie (Abyss:1)
  A molten gargoyle (Volcano)
  2 smoke demons (Abyss:1)
  An efreet (Abyss:1)
  2 komodo dragons
  An ancient zyme (Lair:5)
  A starcursed mass (Abyss:1)
  3 polar bears
  12 blink frogs
  3 hornets
  A slime creature (shapeshifter) (Lair:5)
  2 slime creatures (Lair:3)
  Sigmund (D:4)
  A shadow (D:11)
  A wyvern (Lair:1)
  5 spriggans
  7 yaks
  A ynoxinul (Lair:5)
  A basilisk (Lair:5)
  3 fire bats (Volcano)
  A golden eye (Abyss:1)
  3 small abominations
  2 steam dragons (D:7)
  Menkaure (D:6)
  3 vampire mosquitoes (D:10)
  3 water moccasins
  A hell hound (Volcano)
  Duvessa (D:4)
  Pargi (D:4)
  An orc warrior (D:7)
  2 ice beasts
  An ogre (D:5)
  2 black bears
  3 centaurs
  A phantom (D:6)
  2 lemures (D:7)
  A kobold brigand (D:8)
  Blork the orc (D:4)
  3 bullfrogs
  A gnoll sergeant (D:5)
  6 scorpions
  4 wights (Abyss:1)
  Dowan (D:4)
  3 killer bees (D:9)
  An electric eel (D:7)
  2 howler monkeys (D:7)
  4 hounds
  2 orc priests
  Crazy Yiuf (D:4)
  A sleepcap (D:6)
  5 orc wizards
  2 hell rats (Lair:2)
  A centaur simulacrum (D:10)
  22 gnolls
  8 adders
  A shadow imp (D:7)
  A white imp (D:7)
  3 dart slugs
  18 orcs
  7 endoplasms
  6 giant cockroaches
  6 goblins
  10 hobgoblins
  7 jackals
  19 kobolds
  2 nameless horrors
  2 quokkas
  6 ball pythons
  6 bats
  5 frilled lizards
  4 rats
  A starspawn tentacle (Abyss:1)
282 creatures vanquished.

Vanquished Creatures (collateral kills)
  2 hydras
  A catoblepas (Lair:4)
  A ghost crab (Lair:2)
  A two-headed ogre (D:9)
  A death yak (Lair:2)
  A hell hog (Volcano)
  Nergalle (D:10)
  A skyshark (Lair:3)
  A sea snake (shapeshifter) (Lair:5)
  A flayed ghost (Abyss:1)
  A lindwurm (Lair:2)
  An ugly thing (Lair:5)
  5 large abominations (Abyss:1)
  4 elephants
  Joseph (D:10)
  A molten gargoyle (Volcano)
  A torpor snail (Lair:1)
  9 cane toads
  3 starcursed masses (Abyss:1)
  Maggie (D:9)
  2 smoke demons
  A gargoyle (D:10)
  3 rime drakes
  7 komodo dragons
  An ancient zyme (Abyss:1)
  A hellwing (Abyss:1)
  3 trolls
  11 blink frogs
  A hornet (D:9)
  2 polar bears
  A centaur simulacrum (D:10)
  A spriggan (Lair:1)
  A wraith (D:10)
  2 wyverns
  3 ynoxinuls
  3 fire bats (Volcano)
  6 yaks
  2 basilisks
  A vampire mosquito (D:10)
  2 steam dragons
  4 redbacks (Lair:2)
  A hell hound (Volcano)
  A spectral cane toad (Lair:2)
  9 water moccasins
  A wolf (D:10)
  2 centaurs (D:9)
  A kobold brigand (D:9)
  9 bullfrogs
  13 small abominations
  2 nameless horrors
  A killer bee (D:9)
  6 howler monkeys
  A crimson imp (Abyss:1)
  7 lava snakes (Volcano)
  2 quasits (Abyss:1)
  2 orc priests (D:9)
  A jelly (Lair:3)
  An iron imp (Abyss:1)
  3 orc wizards (D:9)
  2 hell rats (Lair:2)
  2 ufetubi
  7 orcs (D:9)
  3 kobolds (D:9)
173 creatures vanquished.

Vanquished Creatures (others)
  A small abomination (Abyss:1)
  2 lurking horrors (Abyss:1)
  12 starspawn tentacles (Abyss:1)
15 creatures vanquished.

Grand Total: 470 creatures vanquished

Notes
Turn   | Place    | Note
-------+----------+-------------------------------------------
     0 | D:1      | Gabide the Demigod Ice Elementalist began the quest for the
                  | Orb.
     0 | D:1      | Reached XP level 1. HP: 14/14 MP: 5/5
   251 | D:1      | Reached XP level 2. HP: 21/22 MP: 5/7
   795 | D:1      | Reached XP level 3. HP: 26/27 MP: 6/8
   814 | D:1      | Reached skill level 1 in Fighting
  2011 | D:3      | Identified the +2 robe of the Fiddle {Int+4}
  2181 | D:3      | Reached skill level 4 in Ice Magic
  2390 | D:3      | Identified a scroll of acquirement
  2390 | D:3      | Acquired the staff of cold "Amih" {rElec rC+ Will+ Str+3
                  | Dex+2}
  2454 | D:4      | Noticed Duvessa
  2454 | D:4      | Noticed Dowan
  2498 | D:4      | Reached XP level 4. HP: 35/35 MP: 7/10
  2575 | D:3      | Learned a level 3 spell: Frozen Ramparts
  2579 | D:3      | Learned a level 3 spell: Ozocubu's Armour
  2635 | D:4      | Found a staircase to the Ecumenical Temple.
  2647 | Temple   | Entered the Ecumenical Temple
  2851 | D:4      | Noticed Pargi
  2923 | D:4      | Killed Duvessa
  2924 | D:4      | Reached XP level 5. HP: 41/41 MP: 2/12
  2924 | D:4      | Killed Dowan
  3062 | D:4      | Reached XP level 6. HP: 50/50 MP: 5/13
  3191 | D:4      | Found a runed translucent door.
  3192 | D:4      | Noticed Crazy Yiuf
  3198 | D:4      | Killed Crazy Yiuf
  3404 | D:4      | Killed Pargi
  3405 | D:4      | Reached skill level 5 in Ice Magic
  3589 | D:4      | Noticed Blork the orc
  3592 | D:4      | Noticed Sigmund
  3610 | D:4      | Killed Sigmund
  3611 | D:4      | Reached skill level 6 in Ice Magic
  3611 | D:4      | Reached XP level 7. HP: 52/57 MP: 7/14
  3691 | D:4      | Killed Blork the orc
  3994 | D:5      | Entered Level 5 of the Dungeon
  4770 | D:5      | Reached XP level 8. HP: 34/66 MP: 12/17
  5913 | D:6      | Reached skill level 7 in Ice Magic
  6742 | D:7      | Reached skill level 5 in Dodging
  6746 | D:7      | Reached skill level 5 in Fighting
  6756 | D:7      | Noticed Menkaure
  6774 | D:6      | Killed Menkaure
  6963 | D:7      | Reached skill level 5 in Spellcasting
  6963 | D:7      | Reached XP level 9. HP: 71/74 MP: 11/20
  7220 | D:7      | Noticed Pikel
  7822 | D:7      | Killed Pikel
  7823 | D:7      | Reached skill level 8 in Ice Magic
  8441 | D:8      | Paralysed by a hornet for 3 turns
  8783 | D:8      | Learned a level 4 spell: Summon Ice Beast
  8869 | D:9      | Reached skill level 9 in Ice Magic
  9162 | D:9      | Reached XP level 10. HP: 83/83 MP: 4/23
  9361 | D:9      | Noticed a two-headed ogre
  9366 | D:9      | Noticed Maggie
  9414 | D:9      | Killed a two-headed ogre
  9541 | D:9      | Killed Maggie
 10600 | D:10     | Entered Level 10 of the Dungeon
 10600 | D:10     | Noticed baghtru's ghost (journeyman HOFi)
 10600 | D:10     | Noticed a 12-headed hydra
 10600 | D:10     | Found a runed translucent gate.
 10600 | D:10     | Found a runed translucent gate.
 10604 | D:10     | Found a runed translucent gate.
 10620 | D:10     | Noticed Joseph
 10639 | D:10     | Killed Joseph
 10640 | D:10     | Reached skill level 10 in Ice Magic
 10731 | D:10     | Found a staircase to the Lair.
 10811 | D:10     | Noticed Nergalle
 11140 | D:10     | Found Extafasa's Antique Armour Emporium.
 11764 | D:10     | Killed Nergalle
 11765 | D:10     | Reached XP level 11. HP: 35/90 MP: 14/25
 12334 | D:11     | Found Pocican's Weapon Emporium.
 12341 | D:11     | Bought 2 throwing nets for 66 gold pieces
 12384 | D:11     | Noticed a centaur warrior
 12698 | Lair:1   | Entered Level 1 of the Lair of Beasts
 13098 | Lair:1   | Found a transporter.
 13104 | Lair:1   | Noticed kalagan's ghost (journeyman DECj)
 13105 | Lair:1   | Noticed a spriggan rider
 13111 | Lair:1   | Found a transporter.
 13617 | Lair:1   | Reached skill level 11 in Ice Magic
 14610 | Lair:2   | Found a hole to the Spider Nest.
 14715 | Lair:2   | Found a dark tunnel.
 14715 | Lair:2   | Noticed a lindwurm
 14724 | Lair:2   | Killed a lindwurm
 14737 | Volcano  | Entered a volcano
 15747 | Volcano  | Noticed a hell hog
 15766 | Volcano  | Killed a hell hog
 15846 | Volcano  | Noticed a fire dragon
 15895 | Volcano  | Reached skill level 12 in Ice Magic
 16450 | Lair:2   | Reached XP level 12. HP: 97/103 MP: 12/28
 16665 | Lair:2   | Found a staircase to the Swamp.
 16665 | Lair:2   | Noticed a ghost crab
 16778 | Lair:2   | Killed a ghost crab
 17248 | Lair:1   | Killed kalagan's ghost
 17327 | Lair:1   | Learned a level 2 spell: Ensorcelled Hibernation
 17333 | Lair:1   | Learned a level 3 spell: Stone Arrow
 17824 | Lair:3   | Found a runed translucent gate.
 17824 | Lair:3   | Found a runed translucent gate.
 17824 | Lair:3   | Found a runed translucent gate.
 17825 | Lair:3   | Noticed a great orb of eyes
 17827 | Lair:3   | Noticed VictorL's ghost (journeyman AtBe)
 17864 | Lair:3   | Noticed a seven-headed hydra
 17891 | Lair:3   | Killed a seven-headed hydra
 19329 | Lair:3   | Killed a great orb of eyes
 19359 | Lair:3   | Killed VictorL's ghost
 19481 | Lair:3   | Identified the +3 morningstar of Elanguw {flame, rPois
                  | Dex+3}
 20030 | Lair:4   | Noticed a catoblepas
 20115 | Lair:4   | Killed a catoblepas
 20499 | Lair:4   | Found a staircase to the Slime Pits.
 20665 | Lair:4   | Reached XP level 13. HP: 72/113 MP: 23/31
 21100 | Lair:5   | Entered Level 5 of the Lair of Beasts
 21147 | Lair:4   | Reached skill level 10 in Fighting
 21216 | Lair:5   | Reached skill level 10 in Dodging
 21536 | Lair:5   | Reached skill level 10 in Spellcasting
 21809 | Lair:4   | Reached skill level 13 in Ice Magic
 23345 | Lair:5   | a goliath frog changed into a broodmother
 23345 | Lair:5   | Noticed a broodmother (shapeshifter)
 23354 | Lair:5   | a broodmother changed into an ettin
 23619 | Lair:5   | Identified the ring of Hyffim {rF+ Int+2}
 23692 | Lair:5   | Identified the ring of Springtime {rPois rN+ Str+4 Int-2}
 23699 | Abyss:1  | Cast into level 1 of the Abyss (spriggan)
 23941 | Abyss:1  | Noticed a bone dragon
 24007 | Abyss:1  | Noticed a tentacled starspawn
 24340 | Abyss:1  | Noticed a tentacled starspawn
 24357 | Abyss:1  | Killed a tentacled starspawn
 24495 | Abyss:1  | Noticed a bone dragon
 24515 | Abyss:1  | Noticed a bone dragon
 24530 | Abyss:1  | Noticed a tentacled starspawn
 24558 | Abyss:1  | HP: 5/116 [large abomination (28)]
 24929 | Abyss:1  | Noticed a starcursed mass
 25412 | Abyss:1  | Noticed a starcursed mass
 25640 | Abyss:1  | Reached XP level 14. HP: 95/124 MP: 21/33
 25643 | Abyss:1  | Noticed a tentacled starspawn
 25649 | Abyss:1  | Killed a tentacled starspawn
 25684 | Abyss:1  | Noticed a tentacled starspawn
 25797 | Abyss:1  | Noticed a tentacled starspawn
 25799 | Lair:5   | Escaped the Abyss
 25813 | Lair:5   | Succumbed to their own poison gas

Illustrated notes

Levels and vault maps discovered:
D:1:      spicycebolla_arrival_risky_transporter, layout_rooms,
          hangedman_decor_push
D:2:      layout_basic, minmay_3d_cube
D:3:      layout_rooms, ebering_ecumenical_altar_webs
D:4:      layout_basic, mainiacjoe_overflow_concentric_impassable, tgw_sif,
          minmay_temple_entry_gardened_gates, uniq_sigmund, uniq_duvessa,
          uniq_crazy_yiuf_cottage, uniq_pargi
D:5:      layout_layer_cave, mainiacjoe_overflow_alcove_4
D:6:      layout_loops_cross, gammafunk_temple_overflow_statue
D:7:      layout_basic, kennysheep_donut, kennysheep_generic_room_8, uniq_pikel,
          uniq_menkaure
D:8:      layout_rooms, mainiacjoe_overflow_cross_hatched
D:9:      layout_basic, hive_lemuel, uniq_maggie
D:10:     layout_rooms, lair_entry_dummy, gammafunk_ghost_hydra_chop,
          serial_shops, shop, serial_ice, serial_ice_f, serial_ice_m,
          serial_ice_o, serial_ice_c, uniq_joseph, uniq_nergalle
D:11:     layout_loops_corners, serial_undead, serial_undead_d, serial_undead_c,
          serial_undead_c, serial_undead_e, serial_shops, shop, minivault_5
Temple:   regret_index_temple_sphere_string
Lair:1:   layout_roguey, gammafunk_ghost_wrathful_warriors
Lair:2:   layout_misc_corridors, nicolae_swamp_entry_spooky,
          spider_nest_entry_webs, nicolae_volcano_entry_vermiform,
          serial_bayou_crossing, lemuel_fruit_tree, infiniplex_staircase_pool_2
Lair:3:   layout_hall_layers, gammafunk_ghost_ooze, serial_bayou_shore_b
Lair:4:   layout_layer_cave, dpeg_slime_entry_corner, infiniplex_staircase_pool,
          serial_bayou_shore_b
Lair:5:   hellmonk_lair_end_abyssal_woods, layout_cave_shapes,
          nicolae_quartered_pool_impasse

Skill      XL: |  1  2  3  4  5  6  7  8  9 10 11 12 13 14 |
---------------+-------------------------------------------+-----
Stealth        | 2 3 |  3.0
Dodging        | 2 3 4 5 6 7 8 9 11 | 11.3
Spellcasting   | 2 3 5 6 7 8 9 10 11 | 11.0
Fighting       | 1 2 3 4 5 6 7 8 9 11 | 11.3
Ice Magic      | 4 6 7 9 10 12 13 | 13.7

Action                     |  1- 3 |  4- 6 |  7- 9 | 10-12 | 13-15 || total
---------------------------+-------+-------+-------+-------+-------++-------
  Melee: Unarmed           |     2 |       |       |       |       ||     2
         Dagger            |    13 |       |       |       |       ||    13
         Short sword       |     6 |       |       |       |       ||     6
         Staff             |       |     3 |     6 |   193 |   146 ||   348
         Rapier            |       |       |    48 |    14 |     8 ||    70
         Punch             |       |       |     1 |     3 |       ||     4
  Throw: Dart              |       |     2 |     2 |     1 |       ||     5
         Throwing net      |       |       |       |     1 |       ||     1
   Cast: Freeze            |    92 |    38 |   167 |     1 |       ||   298
         Frozen Ramparts   |       |     5 |    18 |    35 |    27 ||    85
         Ozocubu's Armour  |       |     5 |    15 |    34 |    15 ||    69
         Summon Ice Beast  |       |       |    11 |   155 |    97 ||   263
         Stone Arrow       |       |       |       |    17 |    56 ||    73
         Ensorcelled Hiber |       |       |       |     2 |       ||     2
  Evoke: Wand              |       |       |    14 |    13 |     4 ||    31
         Phantom mirror    |       |       |       |     1 |       ||     1
         Lightning rod     |       |       |       |       |     2 ||     2
    Use: Scroll            |     9 |     4 |     8 |    12 |     7 ||    40
         Potion            |       |       |     2 |     9 |     5 ||    16
   Stab: Sleeping          |       |       |     1 |       |       ||     1
         Distracted        |       |       |       |     4 |     5 ||     9
 Armour: Robe              |    19 |    14 |    74 |   143 |   133 ||   383
  Dodge: Dodged            |    70 |    21 |   152 |   279 |   504 ||  1026
  Block: Buckler           |       |       |       |    25 |   159 ||   184
